 Dungeon Crawl Stone Soup version 0.29.1-12-g30fa7ad0bf (webtiles) character file.

Game seed: 6704038548639284952

742 croobank the Sneak (level 7, 0/40 (45) HPs)
             Began as an Octopode Transmuter on Jan 1, 2023.
             Slain by a wight
             ... wielding a +1 spear of freezing
              (1 damage)
             ... on level 5 of the Dungeon.
             The game lasted 00:11:11 (5270 turns).

croobank the Sneak (Octopode Transmuter)            Turns: 5270, Time: 00:11:11

HP:   0/40 (45)     AC:  1    Str: 10    XL:     7   Next: 76%
MP:   11/11         EV: 13    Int: 23    God:
Gold: 310           SH:  0    Dex:  7    Spells: 6/12 levels left

rFire   . . .      SeeInvis +   b - +2 spear (venom)
rCold   + . .      Faith    .   (no shield)
rNeg    + . .      Spirit   .   (helmet restricted)
rPois   .          Reflect  .   (no amulet)
rElec   +          Harm     .   o - +6 ring of intelligence
rCorr   .          Rampage  .   u - ring of Cuceatta {rElec rC+ rN+ Dex-5 SInv}
Will    .....                   (no ring)
Stlth   ++++......              (no ring)
HPRegen 0.13/turn               (no ring)
MPRegen 0.12/turn               (no ring)
                                (no ring)
                                (no ring)

@: mighty, about to teleport, heavily drained
A: almost no armour, amphibious, 8 rings, camouflage 1, gelatinous body 1,
(nimble swimmer 1), tentacles
a: no special abilities


You were on level 5 of the Dungeon.
You visited 1 branch of the dungeon, and saw 5 of its levels.

You collected 310 gold pieces.

Inventory:

Hand Weapons
 b - a +2 spear of venom (weapon)
 i - a +0 dagger of flaming
 r - a +0 arbalest
 t - a +0 scimitar
Missiles
 f - 8 poisoned darts
 l - 4 silver boomerangs
Jewellery
 o - a +6 ring of intelligence (left tentacle)
 u - the ring of Cuceatta (right tentacle) {rElec rC+ rN+ Dex-5 SInv}
   (You found it on level 5 of the Dungeon)

   [ring of see invisible]

   Dex:       It affects your dexterity (-5).
   rC:        It protects you from cold.
   rElec:     It insulates you from electricity.
   rN:        It protects you from negative energy.
   SInv:      It lets you see invisible.
Wands
 p - a wand of iceblast (9)
Scrolls
 d - 2 scrolls of teleportation
 g - a scroll of brand weapon
 h - a scroll of identify
 k - a scroll of fog {unknown}
 n - a scroll of amnesia {unknown}
Potions
 a - a potion of lignification
 c - 2 potions of attraction
 e - a potion of might
 j - a potion of curing
 m - a potion of ambrosia {unknown}
 q - a potion of berserk rage {unknown}
 s - a potion of resistance {unknown}


   Skills:
 + Level 2.8 Fighting
 + Level 2.6 Polearms
 + Level 3.4 Dodging
 * Level 6.0 Stealth
 - Level 3.0 Unarmed Combat
 + Level 3.2 Spellcasting
 + Level 3.4 Transmutations
 + Level 3.0 Poison Magic


You had 6 spell levels left.
You knew the following spells:

 Your Spells              Type           Power      Damage    Failure   Level
a - Beastly Appendage     Tmut           38%        N/A       2%          1
b - Wereblood             Tmut           19%        N/A       4%          2
c - Spider Form           Tmut/Pois      18%        N/A       9%          3

Your spell library contained the following spells:

 Spells                   Type           Power      Damage    Failure   Level
 Magic Dart               Conj           12%        1d3       12%         1
 Call Imp                 Summ           3%         N/A       17%         2
 Mephitic Cloud           Conj/Pois/Air  8%         N/A       22%         3
 Stone Arrow              Conj/Erth      6%         3d7       34%         3
 Ice Form                 Ice/Tmut       11%        N/A       50%         4
 Fireball                 Conj/Fire      1%         3d3       97%         5
 Starburst                Conj/Fire      1%         6d3       100%        6
 Ignition                 Fire           1%         3d3       100%        8
 Lehudib's Crystal Spear  Conj/Erth      1%         10d2      100%        8
 Animate Armour           Summ/Erth      Unusable   N/A       N/A         4

Dungeon Overview and Level Annotations

Branches:
Dungeon (5/15)
 Temple: D:4-7

Altars:
Elyvilon
Fedhas
Makhleb
Trog

Shops:
D:4 (


Innate Abilities, Weirdness & Mutations

You cannot wear most types of armour.
You are amphibious.
You can wear up to eight rings at the same time.
Your skin changes colour to match your surroundings (Stealth+).
Your rubbery body absorbs attacks. (AC +1, EV +1)
((You are camouflaged when in or above water. (Stealth+)))
You have tentacles for arms and can constrict up to eight enemies at once.


Message History

Your +2 spear of venom unmelds from your body.
Your +2 spear of venom begins to drip with poison!
Your surroundings suddenly seem different.
A hound comes into view.
You see here a +0 scale mail.
The hound pauses to sniff the ground.
The hound attacks as you move away! The hound bites you.
* * * LOW HITPOINT WARNING * * *
The hound bites you.
* * * LOW HITPOINT WARNING * * *
Casting: Spider Form (dangerous; 10% risk of failure)
Confirm with . or Enter, or press ? or * to list all spells.
Okay, then.
It was a potion of might.
You feel very mighty all of a sudden. The hound barely misses you.
You feel better. The hound bites you.
* * * LOW HITPOINT WARNING * * *
The hound bites you but does no damage.
You completely miss the hound. Your grab misses the hound.
The hound barely misses you.
You miss the hound. Your grab misses the hound. The hound closely misses you.
The hound misses you.
You puncture the hound! Your grab misses the hound.
You tentacle-slap the hound.
The hound is almost dead.
The hound bites you.
* * * LOW HITPOINT WARNING * * *
You puncture the hound!
You kill the hound!
Your Stealth skill increases to level 6!
Your Poison Magic skill increases to level 3!
Okay, then.
Okay, then.
As you read the scroll of teleportation, it crumbles to dust.
You feel strangely unstable.
The wight hits you from afar with a +1 spear of freezing!
* * * LOW HITPOINT WARNING * * *
You partially resist.
You feel drained. The wight freezes you.
You die...

#..#. ###
...#####...# #..
#.......## #.#
####.###....# #.#
....$###..##< #.#
#.......##. #.#
#..###..... #.#
..........##.
#@######..#.......
#.zz.z##..#.......
#####.##..#......z
#.............
####[.#.......
#..#.......
###.h........
#......######
#......####


You could see 3 wights.

Vanquished Creatures
  An orc warrior (D:4)
  A black bear (D:4)
  An ogre (D:4)
  A phantom (D:4)
  A scorpion (D:4)
  2 orc priests (D:4)
  2 hounds
  2 orc wizards (D:4)
  8 adders
  An ufetubus (D:4)
  2 dart slugs
  9 orcs
  4 bats
  11 endoplasms
  6 giant cockroaches
  11 goblins
  6 hobgoblins
  5 kobolds
  8 ball pythons
  5 frilled lizards
  5 rats
92 creatures vanquished.

Vanquished Creatures (others)
  9 fungi (D:4)
  2 plants
  4 toadstools (D:4)
15 creatures vanquished.

Grand Total: 107 creatures vanquished

Notes
Turn   | Place    | Note
-------+----------+-------------------------------------------
     0 | D:1      | croobank the Octopode Transmuter began the quest for the
                  | Orb.
     0 | D:1      | Reached XP level 1. HP: 13/13 MP: 3/3
    76 | D:1      | Reached skill level 1 in Stealth
    85 | D:1      | Reached XP level 2. HP: 11/18 MP: 5/5
    88 | D:1      | Learned a level 2 spell: Wereblood
   323 | D:1      | Found a faded altar of an unknown god.
   439 | D:1      | Reached skill level 2 in Stealth
   614 | D:1      | Reached XP level 3. HP: 23/23 MP: 2/6
  1119 | D:2      | Learned a level 3 spell: Spider Form
  1384 | D:2      | Reached skill level 1 in Polearms
  1452 | D:2      | Reached XP level 4. HP: 28/28 MP: 3/7
  1618 | D:2      | Reached skill level 3 in Stealth
  1806 | D:2      | Found a white marble altar of Elyvilon.
  2102 | D:3      | Found a blossoming altar of Fedhas.
  2484 | D:3      | Reached skill level 1 in Poison Magic
  2484 | D:3      | Reached XP level 5. HP: 33/33 MP: 4/8
  2662 | D:3      | Found a bloodstained altar of Trog.
  3218 | D:4      | Noticed a black bear
  3232 | D:4      | Killed a black bear
  3233 | D:4      | Reached skill level 4 in Stealth
  3244 | D:4      | Reached XP level 6. HP: 35/39 MP: 4/9
  3922 | D:4      | Noticed an orc warrior
  4584 | D:4      | Reached skill level 5 in Stealth
  4587 | D:4      | Reached XP level 7. HP: 45/45 MP: 8/11
  4590 | D:4      | Found a burning altar of Makhleb.
  4752 | D:4      | Found Zaafa's Weapon Shoppe.
  5212 | D:5      | Entered Level 5 of the Dungeon
  5216 | D:5      | Identified the ring of Cuceatta {rElec rC+ rN+ Dex-5 SInv}
  5270 | D:5      | Reached skill level 6 in Stealth
  5270 | D:5      | HP: 1/42 [wight/+1 spear of freezing (7)]
  5270 | D:5      | Slain by a wight

Illustrated notes

Levels and vault maps discovered:
D:1:      dpeg_arrival_boxes_within_box, layout_basic,
          dreamdust_ecumenical_altar_grove
D:2:      layout_loops_cross, basic_altar, grunt_ministairs_8
D:3:      layout_loops_ring, mainiacjoe_overflow_boulevard,
          mainiacjoe_overflow_alcove_4, minmay_tree_intersection,
          minmay_shallow_snake_nest
D:4:      layout_loops_corners, bloody_makhleb, serial_shops, kennysheep_mini,
          minmay_gold_behind_fungi
D:5:      layout_loops_ring, tgw_kikubaaqudgha, gammafunk_ghost_abyssal_escape,
          glass_columns_c

Skill      XL: |  1  2  3  4  5  6  7 |
---------------+----------------------+-----
Stealth        | 1 2 3 4 5 6 |  6.0
Polearms       | 1 2 |  2.6
Poison Magic   | 1 2 3 |  3.0
Fighting       | 2 |  2.8
Dodging        | 3 |  3.4
Transmutations | 3 |  3.4
Spellcasting   | 3 |  3.2
Unarmed Combat | |  3.0

Action                   |  1- 3 |  4- 6 |  7- 9 || total
-------------------------+-------+-------+-------++-------
Melee: Spear             |    62 |    76 |    30 ||   168
       Constrict         |     7 |    13 |     4 ||    24
       Tentacles         |     5 |     9 |     7 ||    21
       Unarmed           |     1 |    34 |     6 ||    41
       Kick              |     6 |    14 |     7 ||    27
       Punch             |       |     3 |     1 ||     4
 Cast: Beastly Appendage |    17 |    26 |     6 ||    49
       Wereblood         |    13 |    27 |     6 ||    46
       Spider Form       |       |     5 |     1 ||     6
  Use: Scroll            |       |     7 |     3 ||    10
       Potion            |       |     1 |     3 ||     4
 Stab: Sleeping          |     9 |    11 |     3 ||    23
Armor: Skin              |     2 |     3 |     2 ||     7
Dodge: Dodged            |    25 |    47 |    25 ||    97
